Map: Proxima Station LE

Players

LiquidTLO (TLO)

  • Race: Zerg Zerg
  • Spawn Location: 7:00

Neeb - Winner!

  • Race: Protoss Protoss
  • Spawn Location: 1:00

Event: WCS Jonkoping 2017

VOD

Have the link to the VOD?

Description

Time

  • Played on: June 17, 2017, 1:25 p.m.
  • Length: 13:15

All games in this series

Show
View Real Time Build Order
Export as new Build Order

LiquidTLO Zerg 

Build Orders: Hatch First 

Get SALT Encoding   

  12  0:00  Drone  
  13  0:12  Overlord  
  13  0:16  Drone  
  14  0:31  Drone x2  
  16  0:48  Hatchery  
  15  0:51  Drone  
  15  0:55  Drone  
  17  1:10  Spawning Pool  
  16  1:12  Drone  
  16  1:16  Drone  
  18  1:18  Drone  
  19  1:25  Extractor  
  19  1:28  Drone  
  19  1:38  Overlord  
  19  1:56  Queen  
  19  1:57  Zergling x2  
  19  2:00  Zergling x2  
  19  2:01  Queen, Drone  
  26  2:10  Drone  
  26  2:13  Drone  
  28  2:21  Drone  
  29  2:24  Drone  
  30  2:30  Hatchery  
  30  2:33  Drone  
  30  2:35  Drone  
  31  2:43  Queen  
  33  2:49  Overlord  
  33  2:52  Drone  
  33  2:55  Metabolic Boost  
  34  2:58  Drone  
  34  3:00  Zergling x2  
  36  3:08  Drone x2  
  36  3:09  Drone  
  36  3:10  Drone  
  36  3:12  Drone  
  41  3:19  Overlord  
  41  3:20  Drone  
  43  3:27  Drone  
  43  3:31  Drone  
  43  3:33  Spore Crawler  
  43  3:37  Overlord  
  43  3:40  Spore Crawler  
  42  3:41  Drone  
  42  3:43  Drone  
  42  3:44  Drone  
  42  3:46  Drone  
  42  3:47  Spore Crawler, Drone  
  46  3:50  Drone  
  46  3:52  Drone  
  46  3:54  Drone  
  46  3:55  Drone  
  50  3:58  Zergling x2  
  50  3:59  Drone  
  52  4:03  Baneling Nest, Zergling x2  
  52  4:06  Drone  
  52  4:07  Drone  
  54  4:10  Overlord  
  54  4:13  Drone x2  
  54  4:15  Drone  
  57  4:19  Evolution Chamber, Zergling x4  
  57  4:22  Drone  
  57  4:23  Drone  
  60  4:28  Drone  
  60  4:32  Overlord  
  60  4:34  Zergling x4, Overlord  
  60  4:35  Zergling x2  
  60  4:38  Drone  
  64  4:39  Spore Crawler, Drone  
  64  4:42  Drone  
  64  4:44  Zerg Melee Weapons Level 1, Drone  
  66  4:47  Drone x2  
  66  4:50  Drone  
  66  4:52  Drone  
  70  4:53  Lair  
  70  4:55  Drone  
  70  4:56  Drone  
  70  4:57  Drone  
  70  4:59  Drone  
  72  5:01  Drone  
  72  5:02  Drone  
  72  5:05  Extractor x2  
  72  5:06  Drone  
  72  5:07  Extractor, Drone  
  71  5:11  Drone  
  71  5:19  Drone  
  71  5:20  Zergling x2  
  71  5:21  Extractor  
  72  5:23  Zergling x6  
  72  5:24  Overlord  
  72  5:26  Zergling x2  
  72  5:27  Zergling x2  
  76  5:30  Zergling x2  
  76  5:31  Zergling x2  
  76  5:32  Hatchery, Zergling x2  
  73  5:36  Drone  
  73  5:38  Zergling x2  
  73  5:40  Zergling x2  
  76  5:47  Drone x3  
  76  5:48  Zergling x2  
  80  5:53  Centrifical Hooks  
  80  5:55  Hydralisk Den  
  79  5:58  Baneling, Overlord x3  
  79  6:01  Overlord  
  79  6:02  Drone x3  
  79  6:03  Extractor  
  81  6:07  Overlord  
  81  6:08  Zergling x2  
  81  6:10  Drone  
  83  6:11  Drone  
  83  6:12  Overlord  
  83  6:13  Zergling x2  
  83  6:14  Baneling x2  
  83  6:15  Zergling x2  
  86  6:20  Zergling x4  
  86  6:22  Overlord  
  86  6:25  Muscular Augments  
  88  6:26  Hydralisk  
  88  6:29  Hydralisk  
  92  6:33  Hydralisk  
  92  6:36  Hydralisk  
  92  6:38  Hydralisk  
  98  6:41  Zerg Melee Weapons Level 2  
  98  6:43  Hydralisk  
  98  6:46  Hydralisk  
  102  6:52  Hydralisk  
  102  6:53  Spore Crawler  
  102  6:54  Hydralisk  
  102  6:56  Hydralisk  
  102  6:58  Hydralisk  
  106  7:08  Hydralisk x2  
  106  7:10  Hydralisk  
  106  7:13  Hydralisk  
  106  7:15  Zergling x2  
  113  7:17  Hydralisk  
  114  7:23  Hydralisk x3  
  114  7:28  Hydralisk x2  
  124  7:31  Baneling x5  
  124  7:32  Baneling  
  124  7:36  Zergling x2  
  125  7:37  Zergling x6  
  126  7:44  Zergling x2  
  126  7:48  Hydralisk  
  124  7:52  Drone x2  
  124  7:54  Hydralisk x2, Drone  
  124  7:56  Hydralisk  
  124  7:57  Zergling x2, Baneling  
  124  7:58  Baneling  
  134  8:00  Baneling x4  
  134  8:03  Hydralisk  
  135  8:07  Hydralisk  
  135  8:08  Hydralisk  
  135  8:09  Zergling x2  
  135  8:10  Zergling x2  
  135  8:12  Zergling x2  
  133  8:13  Zergling x4  
  133  8:15  Zergling x2  
  133  8:19  Baneling x4  
  133  8:20  Baneling x2  
  133  8:24  Hydralisk  
  135  8:29  Hydralisk  
  135  8:31  Zergling x2  
  135  8:32  Zergling x4  
  135  8:33  Zergling x4  
  137  8:34  Zergling x2  
  137  8:35  Zergling x2  
  137  8:37  Zergling x4  
  133  8:42  Zergling x2  
  133  8:44  Hydralisk, Zergling x2  
  133  8:46  Zergling x2  
  131  8:54  Baneling  
  130  8:57  Baneling x4  
  130  9:01  Hydralisk  
  130  9:02  Hydralisk x3  
  128  9:04  Zergling x2  
  128  9:05  Zergling x2  
  128  9:07  Zergling x2  
  128  9:08  Zergling x6  
  136  9:14  Zergling x2, Baneling x2  
  136  9:15  Zergling x2  
  136  9:16  Queen x2  
  139  9:17  Zergling x4  
  139  9:20  Baneling  
  139  9:21  Baneling x5  
  139  9:32  Hydralisk x2  
  139  9:33  Hatchery  
  139  9:37  Baneling x2  
  139  9:40  Zergling x14  
  144  9:57  Zergling x6  
  144  9:58  Zergling x4  
  145  10:00  Hydralisk x3  
  145  10:01  Hydralisk x2  
  145  10:04  Overlord x2  
  152  10:08  Overlord  
  152  10:10  Baneling  
  152  10:11  Baneling x2  
  152  10:16  Baneling  
  152  10:17  Baneling  
  152  10:20  Baneling x2  
  151  10:26  Hydralisk  
  151  10:27  Zergling x2  
  151  10:28  Zergling x2  
  144  10:29  Baneling x2  
  144  10:30  Zergling x2  
  144  10:31  Zergling x4  
  144  10:33  Baneling x2  
  144  10:34  Zergling x18  
  156  10:39  Zergling x2  
  156  10:42  Queen  
  159  10:46  Evolution Chamber, Zergling x2  
  159  10:48  Zergling x2  
  160  10:53  Zergling x2  
  160  10:55  Zergling x2  
  163  10:59  Hydralisk x3  
  163  11:00  Zergling x4  
  163  11:01  Zergling x2  
  163  11:02  Zergling x2  
  166  11:09  Queen x2  
  169  11:16  Zergling x4  
  169  11:17  Zergling x2  
  172  11:18  Baneling  
  172  11:19  Baneling x9  
  172  11:21  Baneling x4  
  172  11:22  Baneling x3  
  172  11:23  Zergling x4  
  172  11:24  Zergling x4  
  176  11:29  Baneling x3, Zergling x2  
  176  11:32  Baneling  
  177  11:33  Baneling, Zergling x2  
  177  11:39  Hydralisk  
  161  11:41  Zergling x2  
  161  11:44  Zergling x4  
  161  11:46  Zergling x2  
  155  11:47  Zergling x2  
  155  11:48  Zergling x6  
  155  11:49  Zergling x2  
  155  11:50  Zergling x4  
  155  11:51  Zergling x2  
  155  11:53  Zergling x4  
  152  11:59  Zergling x2  
  152  12:01  Zergling x2  
  129  12:02  Zergling x2  
  129  12:03  Zergling x2  
  129  12:04  Zergling x2  
  129  12:05  Zergling x4  
  125  12:10  Hydralisk  
  125  12:14  Hydralisk  
  119  12:15  Baneling  
  119  12:16  Baneling x12  
  119  12:19  Zergling x2  
  119  12:21  Zergling x10  
  125  12:23  Baneling x4  
  125  12:26  Zergling x2  
  125  12:27  Queen x2, Zergling x4  
  132  12:31  Zergling x2  
  132  12:32  Zergling x2  
  132  12:33  Zergling x2  
  132  12:35  Queen  
  132  12:37  Zergling x2  
  137  12:38  Zergling x2  
  137  12:42  Baneling x3  
  137  12:43  Drone  
  139  12:45  Hydralisk  
  139  12:50  Zergling x2  
  137  12:55  Zergling x10  
  137  12:57  Baneling x2  
Show
View Real Time Build Order
Export as new Build Order

Neeb Protoss - Winner!

Build Orders: Nexus First, Oracle Opening, Zealot Archon 

Get SALT Encoding   

  12  0:01  Probe (Chrono Boost)  
  13  0:12  Probe (Chrono Boost)  
  14  0:17  Pylon  
  14  0:22  Probe (Chrono Boost)  
  15  0:35  Probe (Chrono Boost)  
  16  0:46  Probe (Chrono Boost)  
  17  0:58  Nexus  
  18  1:07  Gateway  
  18  1:11  Probe (Chrono Boost)  
  18  1:16  Assimilator  
  18  1:21  Probe (Chrono Boost)  
  19  1:25  Assimilator  
  19  1:32  Probe (Chrono Boost)  
  20  1:38  Pylon  
  20  1:42  Probe (Chrono Boost)  
  21  1:53  Probe (Chrono Boost)  
  22  1:54  Cybernetics Core  
  22  2:04  Probe (Chrono Boost)  
  23  2:10  Probe (Chrono Boost)  
  23  2:14  Probe (Chrono Boost)  
  25  2:20  Probe (Chrono Boost)  
  25  2:22  Warp Gate  
  26  2:25  Probe (Chrono Boost)  
  27  2:30  Probe (Chrono Boost), Adept (Chrono Boost)  
  27  2:35  Stargate  
  27  2:36  Probe  
  31  2:41  Probe  
  32  2:48  Probe  
  33  2:51  Probe  
  33  2:54  Adept (Chrono Boost)  
  36  3:01  Probe  
  36  3:02  Probe  
  36  3:05  Pylon  
  38  3:13  Probe x2 (Chrono Boost)  
  38  3:18  Oracle (Chrono Boost)  
  43  3:24  Probe  
  43  3:25  Probe  
  45  3:30  Gateway, Adept  
  45  3:32  Gateway  
  47  3:36  Probe, Assimilator  
  47  3:38  Pylon  
  47  3:39  Probe  
  49  3:48  Probe  
  49  3:51  Probe, Oracle (Chrono Boost)  
  54  3:59  Pylon  
  54  4:01  Probe  
  55  4:03  Probe  
  55  4:09  Pylon  
  56  4:13  Probe  
  56  4:15  Probe, Nexus  
  58  4:23  Phoenix (Chrono Boost)  
  60  4:25  Probe  
  60  4:27  Probe  
  62  4:35  Assimilator  
  62  4:37  Probe, Robotics Facility  
  63  4:39  Probe  
  63  4:45  Twilight Council  
  64  4:46  Forge  
  64  4:49  Mothership Core  
  64  4:51  Probe  
  67  4:58  Pylon  
  67  5:04  Probe  
  67  5:05  Protoss Ground Weapons Level 1  
  68  5:10  Pylon, Probe  
  69  5:16  Probe  
  69  5:18  Sentry x2  
  69  5:21  Charge (Chrono Boost)  
  74  5:22  Probe  
  74  5:28  Probe  
  76  5:29  Probe  
  76  5:33  Warp Prism  
  76  5:35  Probe, Gateway  
  78  5:36  Gateway  
  78  5:39  Probe, Gateway  
  78  5:40  Probe  
  80  5:47  Probe  
  80  5:48  Assimilator x2  
  81  5:50  Probe  
  81  5:51  Sentry  
  81  5:52  Probe  
  81  5:55  Zealot x2  
  89  5:59  Probe  
  89  6:01  Probe, Templar Archives  
  91  6:05  Probe  
  91  6:08  Gateway  
  91  6:09  Observer, Gateway  
  93  6:15  Probe x2  
  93  6:16  Pylon  
  93  6:18  Pylon  
  95  6:24  Zealot x2  
  99  6:29  Pylon  
  99  6:31  Immortal  
  103  6:44  Probe x2  
  105  6:52  Probe  
  106  6:57  High Templar x3  
  106  6:58  High Templar x2  
  106  7:00  Nexus  
  116  7:03  Pylon, High Templar  
  116  7:04  Probe x2  
  116  7:07  Pylon  
  120  7:13  Probe  
  120  7:15  Archon x2  
  120  7:16  Probe, Archon  
  120  7:20  Immortal  
  125  7:23  Nexus  
  125  7:29  Pylon  
  125  7:39  Zealot x4  
  125  7:43  Protoss Ground Weapons Level 2  
  125  7:54  Probe, High Templar x2  
  125  7:55  Zealot x2  
  125  7:56  Probe x2  
  134  8:00  Immortal  
  134  8:02  Archon  
  134  8:03  Gateway x2  
  134  8:05  Probe  
  138  8:08  Probe  
  138  8:11  Zealot x4  
  146  8:21  Assimilator  
  146  8:26  Assimilator  
  146  8:27  Zealot x3  
  146  8:28  Zealot  
  154  8:35  High Templar x4  
  154  8:39  Immortal  
  154  8:40  Archon  
  152  8:50  Zealot x4  
  160  9:00  Archon  
  154  9:08  Zealot x6  
  152  9:14  High Templar  
  152  9:15  High Templar x3  
  158  9:18  Immortal  
  158  9:19  Archon x2  
  162  9:35  High Templar x2  
  162  9:36  Zealot x2, High Templar x2  
  168  9:39  Archon  
  168  9:42  Archon  
  168  9:48  Gateway  
  168  9:50  Gateway  
  168  9:54  Zealot x2  
  168  9:56  Protoss Ground Weapons Level 3  
  168  9:58  Pylon  
  168  9:59  Pylon, Probe  
  172  10:00  Pylon  
  172  10:01  Probe, Pylon  
  172  10:02  Probe  
  172  10:03  Immortal  
  172  10:07  Robotics Facility  
  171  10:17  Photon Cannon  
  171  10:21  Pylon  
  159  10:38  Zealot x10  
  183  10:46  Immortal (Chrono Boost)  
  183  10:48  Psionic Storm  
  183  10:55  Immortal (Chrono Boost)  
  177  11:04  High Templar x3  
  177  11:05  High Templar x4  
  177  11:06  Sentry  
  177  11:10  Photon Cannon  
  183  11:12  Photon Cannon  
  183  11:15  Photon Cannon x2  
  183  11:16  Photon Cannon  
  183  11:18  Photon Cannon  
  183  11:20  Photon Cannon  
  187  11:26  Immortal (Chrono Boost)  
  187  11:29  High Templar x2  
  189  11:33  Archon  
  189  11:35  Immortal (Chrono Boost)  
  155  11:47  Zealot  
  155  11:48  Zealot x7  
  135  12:02  Immortal  
  135  12:04  Zealot x4  
  139  12:09  Immortal  
  139  12:12  Zealot x8  
  147  12:26  High Templar  
  147  12:27  High Templar x3  
  155  12:34  Archon  
  155  12:35  Archon  
  154  12:38  High Templar x2  
  154  12:39  Zealot x4, High Templar x2  
  154  12:43  Archon x2  
  166  13:00  Zealot x7  
  166  13:01  Zealot  
Tags
 
Add a new tag
Caveats
  • Supply blocks, unpowered buildings, or Contaminate may cause inaccurate times.
  • Supply counts are checked every 10 seconds.